 Dungeon Crawl Stone Soup version 0.29-a0-834-g1e95ca9f62 (webtiles) character file.

Game seed: 18445181658132609176

140 ponyjar the Magician (level 5, 0/33 HPs)
             Began as an Octopode Hedge Wizard on July 12, 2022.
             Was a Follower of Sif Muna.
             Slain by an adder (4 damage)
             ... on level 3 of the Dungeon.
             The game lasted 00:06:11 (3493 turns).

ponyjar the Magician (Octopode Hedge Wizard)        Turns: 3493, Time: 00:06:12

Health: 0/33       AC:  1    Str:  8 (10) XL:     5   Next: 23%
Magic:  6/10       EV: 13    Int: 17 (18) God:    Sif Muna [*.....]
Gold:   156        SH:  0    Dex: 10 (11) Spells: 6/11 levels left

rFire   . . .      SeeInvis .   e - +0 long sword
rCold   . . .      Faith    +   (no shield)
rNeg    . . .      Spirit   .   b - +0 hat
rPois   .          Reflect  .   h - amulet of faith
rElec   .          Harm     .   (no ring)
rCorr   .          Rampage  .   (no ring)
Will    .....                   (no ring)
Stlth   +++.......              (no ring)
HPRegen 0.11/turn               (no ring)
MPRegen 0.12/turn               (no ring)
                                (no ring)
                                (no ring)

@: mighty
A: almost no armour, amphibious, 8 rings, camouflage 1, gelatinous body 1,
(nimble swimmer 1), tentacles
a: Renounce Religion, Channel Magic


You were on level 3 of the Dungeon.
You worshipped Sif Muna.
Sif Muna was aware of your devotion.
You visited 1 branch of the dungeon, and saw 4 of its levels.

You collected 156 gold pieces.

Inventory:

Hand Weapons
 a - a +0 dagger
 e - a +0 long sword (weapon)
Armour
 b - a +0 hat (worn)
Jewellery
 h - an amulet of faith (around mantle)
Scrolls
 g - a scroll of teleportation {unknown}
 i - 4 scrolls of identify {unknown}
 j - a scroll of immolation {unknown}
 o - 2 scrolls of vulnerability {unknown}
 q - a scroll of fear {unknown}
Potions
 c - a potion of magic
 d - a potion of heal wounds {unknown}
 f - a potion of resistance
 n - a potion of haste {unknown}
 p - a potion of flight {unknown}


   Skills:
 * Level 1.2 Fighting
 - Level 2.0 Dodging
 * Level 3.6 Stealth
 * Level 3.7 Spellcasting
 + Level 2.2 Conjurations
 - Level 2.0 Summonings
 - Level 2.0 Translocations


You had 6 spell levels left.
You knew the following spells:

 Your Spells              Type           Power      Damage    Failure   Level
a - Magic Dart            Conj           40%        1d5       6%          1
b - Blink                 Tloc           20%        N/A       11%         2
c - Call Imp              Summ           10%        N/A       11%         2

Your spell library contained the following spells:

 Spells                   Type           Power      Damage    Failure   Level
 Slow                     Hex            12%        N/A       16%         1
 Lesser Beckoning         Tloc           10%        N/A       22%         3
 Conjure Flame            Conj/Fire      7%         6-21      30%         3
 Mephitic Cloud           Conj/Pois/Air  5%         N/A       34%         3
 Confusing Touch          Hex            3%         N/A       43%         3
 Vampiric Draining        Necr           3%         2d6       43%         3
 Manifold Assault         Tloc           10%        N/A       89%         5


Dungeon Overview and Level Annotations

Branches:
Dungeon (4/15)
 Temple: D:4-7

Altars:
Dithmenos
Kikubaaqudgha
Sif Muna
Uskayaw
Wu Jian
Yredelemnul

Shops:
D:2 (

Annotations:
D:3 3 runed translucent doors, benadryl's ghost, weakling MeCA
D:4 Ijyb


Innate Abilities, Weirdness & Mutations

You cannot wear most types of armour.
You are amphibious.
You can wear up to eight rings at the same time.
Your skin changes colour to match your surroundings (Stealth+).
Your rubbery body absorbs attacks. (AC +1, EV +1)
((You are camouflaged when in or above water. (Stealth+)))
You have tentacles for arms and can constrict up to eight enemies at once.


Message History

Unknown command.
Unknown command.
Unknown command.
Unknown command.
Unknown command.
Unknown command.
Unknown command.
Unknown command.
Unknown command.
Okay, then.
You aren't carrying any items that you can evoke.
Unknown command.
Unknown command.
Casting: Magic Dart (safe; 6% risk of failure)
Confirm with . or Enter, or press ? or * to list all spells.
A beastly little devil appears in a puff of flame.
You feel sick. The adder completely misses you.
Unknown command.
Unknown command.
Unknown command.
Unknown command.
Unknown command.
The adder attacks as you move away! The adder bites you.
* * * LOW HITPOINT WARNING * * *
You feel sick. The adder bites you.
* * * LOW HITPOINT WARNING * * *
Unknown command.
Unknown command.
You feel sick.
You are no longer poisoned.
The adder barely misses your crimson imp.
Your crimson imp blinks!
Unknown command.
Okay, then.
It was a potion of might.
You feel very mighty all of a sudden.
You miss the adder. You grab the adder.
You constrict the adder, but do no damage.
The adder barely misses you. The adder bites you.
You die...

############ ####..........# ##
#.............#
.#########.#...5.......#
.'.........#...........#
.########..#...........#
#####......#....<......#
......###..............# .....##
#####...@S.....######## .....#
.....###...>...###.....#
....##........##...##.# #.###.#
###.#...###....##..##.# #.# #.#
..#.#.....##..ZW#..##.###.###.#
..#.##.....#..Z5#..##.........###
..#..#.....##...+..######.###....
..'..#...=.)#...+..#......###.##.
..#.##.#...$#...+..#.##..........


You could see an adder (ally target) and a friendly crimson imp (summoned).

Vanquished Creatures
  3 adders (D:2)
  2 worms
  A dart slug (D:3)
  4 orcs
  3 endoplasms
  A giant cockroach (D:1)
  3 goblins
  5 hobgoblins
  A kobold (D:1)
  3 quokkas (D:2)
  5 ball pythons
  4 bats
  4 frilled lizards
  A rat (D:1)
40 creatures vanquished.

Vanquished Creatures (collateral kills)
  An orc priest (D:3)
  An adder (D:2)
  8 orcs (D:3)
  An endoplasm (D:3)
  2 giant cockroaches (D:2)
  A goblin (D:2)
  A hobgoblin (D:1)
  2 rats
17 creatures vanquished.

Grand Total: 57 creatures vanquished

Notes
Turn   | Place    | Note
-------+----------+-------------------------------------------
     0 | D:1      | ponyjar the Octopode Hedge Wizard began the quest for the
                  | Orb.
     0 | D:1      | Reached XP level 1. HP: 11/11 MP: 4/4
   353 | D:1      | Reached XP level 2. HP: 17/17 MP: 4/6
   374 | D:1      | Learned a level 2 spell: Blink
   377 | D:1      | Learned a level 2 spell: Call Imp
   751 | D:1      | Found a faded altar of an unknown god.
  1039 | D:1      | You fall into a shaft and drop 1 floor!
  1142 | D:2      | Reached XP level 3. HP: 17/21 MP: 4/7
  1565 | D:2      | Found Vequv's Antique Weapon Shop.
  1794 | D:2      | Found a shimmering blue altar of Sif Muna.
  1802 | D:2      | Reached XP level 4. HP: 21/27 MP: 6/9
  1815 | D:2      | Became a worshipper of Sif Muna the Loreminder
  2462 | D:3      | Found a runed translucent gate.
  2462 | D:3      | Found a runed translucent gate.
  2462 | D:3      | Found a runed translucent gate.
  2755 | D:3      | Reached * piety under Sif Muna
  2767 | D:3      | Reached skill level 1 in Fighting
  2767 | D:3      | Reached XP level 5. HP: 17/33 MP: 0/10
  2942 | D:3      | Found a basalt altar of Yredelemnul.
  3032 | D:3      | Noticed benadryl's ghost (weakling MeCA)
  3212 | D:3      | Found a hide-covered altar of Uskayaw.
  3212 | D:3      | Found an ornate altar of the Wu Jian Council.
  3219 | D:3      | Found an ancient bone altar of Kikubaaqudgha.
  3221 | D:3      | Found a shadowy altar of Dithmenos.
  3223 | D:3      | Found a faded altar of an unknown god.
  3478 | D:4      | Noticed Ijyb
  3493 | D:3      | Slain by an adder

Illustrated notes

Levels and vault maps discovered:
D:1:      lemuel_arrival_rhombus, layout_basic,
          shapermc_ecumenical_altar_mp_highgroup, serial_curves, eino_curves_03,
          eino_curves_04, eino_curves_03, minmay_indecisive_spiral
D:2:      minmay_general_purpose_star, layout_rooms, basic_altar, serial_shops,
          shop, kennysheep_generic_room_14
D:3:      layout_basic, mainiacjoe_overflow_alcove_2,
          chequers_temple_overflow_minitemple, gammafunk_ghost_icy,
          minmay_ruptured
D:4:      layout_layer_cave, minmay_manual_mail, uniq_ijyb

Skill      XL: |  1  2  3  4 |
---------------+-------------+-----
Translocations | 2 |  2.0
Summonings     | 2 |  2.0
Conjurations   | 2 |  2.2
Stealth        | 3 |  3.6
Fighting       | 1 |  1.2
Dodging        | |  2.0
Spellcasting   | |  3.7

Action                   |  1- 3 |  4- 6 || total
-------------------------+-------+-------++-------
Melee: Dagger            |    11 |       ||    11
       Constrict         |    11 |     7 ||    18
       Long sword        |    39 |    36 ||    75
       Tentacles         |     7 |     5 ||    12
       Punch             |     1 |     1 ||     2
 Cast: Magic Dart        |    11 |     5 ||    16
       Call Imp          |    15 |    16 ||    31
       Blink             |     3 |     1 ||     4
  Use: Potion            |       |     4 ||     4
 Stab: Sleeping          |     1 |     4 ||     5
Armor: Skin              |     1 |     4 ||     5
Dodge: Dodged            |    45 |    36 ||    81

Table legend: (Time is in decaauts)
 A = Elapsed time spent in this place.
 B = Non-inter-level travel time spent in this place.
 C = Inter-level travel time spent in this place.
 D = Time resting spent in this place.
 E = Time spent auto-exploring this place.
 F = Levels seen in this place.
 G = Mean time per level.
                   A        B        C        D        E       F      G
               +--------+--------+--------+--------+--------+-----+--------+
         Total |   3522 |   3507 |     15 |    253 |   2707 |   4 |  880.5 |
       Dungeon |   3522 |   3507 |     15 |    253 |   2707 |   4 |  880.5 |
               +--------+--------+--------+--------+--------+-----+--------+

Top non-repeatable levels by time:
     D:2: 1291 daAuts
     D:3: 1178 daAuts
     D:1: 1040 daAuts
     D:4: 11 daAuts
